[Event "Titled Tuesday Blitz July 4 Late 2023"]
[White "The_Straightforward_Rook"]
[Black "Vila Dupla, Aurelio"]
[BlackFideId "2203383"]
[WhiteElo "2331"]
[BlackElo "2171"]
[Result "0-1"]
[Round "8"]
[TimeControl "180+2"]
[Date "2023.07.04"]
[WhiteClock "0:00:18"]
[BlackClock "0:00:41"]
[Board "122"]

1. d4 Nf6 2. c4 g6 3. h4 Bg7 4. Nc3 c6 5. e4 d6 6. Be2 h5 7. Bg5 Nbd7 8. Nh3 a6 9. a4 Rb8 10. f3 e5 11. d5 Qb6 12. Qd2 Nc5 13. Be3 cxd5 14. cxd5 Qb4 15. Bxc5 Qxc5 16. Ng5 O-O 17. Rc1 Qb4 18. O-O Bd7 19. Ra1 Rfc8 20. Ra3 Rc5 21. Kh2 Rbc8 22. Bd3 Qd4 23. Qe2 Nh7 24. Rd1 Qb4 25. Bb1 Bh6 26. Nxh7 Kxh7 27. g3 Rc4 28. Ba2 Rd4 29. Rb3 Qa5 30. Rxb7 Be8 31. b4 Qd8 32. Rxd4 exd4 33. Nd1 Kg7 34. f4 Bxa4 35. Nb2 Rc2 36. Qxc2 Bxc2 37. e5 dxe5 38. fxe5 Qc8 39. Ra7 Qc3 40. d6 Qd2+ 41. Kh1 Be4+ 42. Kg1 Qg2# 0-1


[Site "https://www.chess.com"]

[Event "Titled Tuesday Blitz July 4 Late 2023"]
[White "Hartikainen, Jarmo"]
[Black "Vasques, Antonio Pedro Freixial"]
[WhiteFideId "503134"]
[BlackFideId "1908332"]
[WhiteElo "2164"]
[BlackElo "2327"]
[Result "1-0"]
[Round "8"]
[TimeControl "180+2"]
[Date "2023.07.04"]
[WhiteClock "0:01:03"]
[BlackClock "0:01:58"]
[Board "123"]

1. e4 c5 2. c3 Nf6 3. e5 Nd5 4. d4 cxd4 5. Nf3 Nc6 6. cxd4 d6 7. Nc3 Nxc3 8. bxc3 dxe5 9. dxe5 Qxd1+ 10. Kxd1 Bg4 11. Bf4 Bxf3+ 12. gxf3 e6 13. Bb5 O-O-O+ 14. Kc2 Be7 15. Bxc6 bxc6 16. Rab1 Rd5 17. Rb3 Rhd8 18. Rhb1 Kd7 19. Rb7+ Ke8 20. Rxa7 g5 21. Be3 Rxe5 22. Rbb7 Bf8 23. Rxf7 1-0


[Site "https://www.chess.com"]

[Event "Titled Tuesday Blitz July 4 Late 2023"]
[White "campochess"]
[Black "Korpics, Zsolt"]
[BlackFideId "705241"]
[WhiteElo "2128"]
[BlackElo "2316"]
[Result "0-1"]
[Round "8"]
[TimeControl "180+2"]
[Date "2023.07.04"]
[WhiteClock "0:00:43"]
[BlackClock "0:00:08"]
[Board "124"]

1. e4 Nf6 2. Nc3 d5 3. exd5 Nxd5 4. Bc4 c6 5. Qf3 Be6 6. Nge2 Nd7 7. d4 N7f6 8. Bb3 g6 9. O-O Bg7 10. Ne4 Nxe4 11. Qxe4 O-O 12. c4 Bf5 13. Qh4 Nb6 14. Bh6 Bxh6 15. Qxh6 Bd3 16. Rfe1 Bxe2 17. Rxe2 Qxd4 18. Rd1 Qf6 19. c5 Nd5 20. Bxd5 cxd5 21. Rxd5 Rfd8 22. Qd2 e6 23. Rd6 b6 24. b4 Rac8 25. f3 Qe7 26. Qd4 a5 27. a3 axb4 28. axb4 bxc5 29. bxc5 Rxd6 30. cxd6 Qb7 31. d7 Rd8 32. Rd2 Qc6 33. h4 h5 34. Kf2 Kh7 35. Qd6 Qxd6 36. Rxd6 Kg7 37. Ke3 Kf6 38. Kd4 Ke7 39. Ke5 f6+ 40. Ke4 Kxd6 41. g4 hxg4 42. fxg4 f5+ 43. Kf4 fxg4 44. Kxg4 Rxd7 45. Kg5 Rg7 46. Kf6 Rh7 47. Kxg6 Rxh4 0-1


[Site "https://www.chess.com"]

[Event "Titled Tuesday Blitz July 4 Late 2023"]
[White "Kukavica, Tony"]
[Black "Mangialardo, Tiago Carvalho"]
[WhiteFideId "2062542"]
[BlackFideId "2130718"]
[WhiteElo "2299"]
[BlackElo "2119"]
[Result "0-1"]
[Round "8"]
[TimeControl "180+2"]
[Date "2023.07.04"]
[WhiteClock "0:01:08"]
[BlackClock "0:00:05"]
[Board "125"]

1. d4 Nf6 2. Nf3 c5 3. c3 g6 4. g3 Bg7 5. Bg2 O-O 6. O-O d6 7. h3 Nc6 8. dxc5 dxc5 9. Qa4 Qc7 10. Qh4 Re8 11. Bh6 Bh8 12. Nbd2 b5 13. Ng5 Bb7 14. Nde4 Ne5 15. f4 Nc4 16. f5 Ne3 17. fxg6 fxg6 18. Bf3 Nxf1 19. Rxf1 c4 20. Ne6 Qe5 21. N4g5 Bxf3 22. exf3 Rad8 23. f4 Qe3+ 24. Rf2 Rd1+ 25. Kg2 Rd2 26. g4 Rxf2+ 27. Qxf2 Qxf2+ 28. Kxf2 Nd5 29. Kf3 b4 30. Ke4 bxc3 31. bxc3 Nxc3+ 32. Ke3 Nxa2 33. Nd4 c3 34. Nc2 a5 35. Kd3 Nb4+ 36. Nxb4 axb4 37. Ne4 Rc8 38. Kc2 Rd8 39. f5 gxf5 40. gxf5 Rd4 41. Nc5 Rd2+ 42. Bxd2 cxd2 43. Kxd2 Bd4 44. Nb3 Bc3+ 45. Kd3 Kf7 46. Ke4 Kf6 47. Nc5 Kg5 48. Nb3 Kh4 49. Kd5 Kxh3 50. Ke6 Bf6 51. Kd5 Kg4 52. Ke4 h5 53. Nd2 h4 54. Nf3 h3 55. Nh2+ Kg3 56. Nf1+ Kf2 57. Ne3 h2 58. Ng4+ Kg2 59. Ne3+ Kg3 60. Nf1+ Kg2 61. Ne3+ Kh3 62. Nd1 h1=Q+ 63. Ke3 Qxd1 64. Kf4 Qd4+ 65. Kf3 Bg5 66. Ke2 Qe3+ 67. Kf1 Bh4 68. f6 Qf2# 0-1


[Site "https://www.chess.com"]

[Event "Titled Tuesday Blitz July 4 Late 2023"]
[White "Coelho, Ramyres Santana"]
[Black "Horokoskii"]
[WhiteFideId "2120690"]
[WhiteElo "2295"]
[BlackElo "2086"]
[Result "0-1"]
[Round "8"]
[TimeControl "180+2"]
[Date "2023.07.04"]
[WhiteClock "0:00:02"]
[BlackClock "0:00:09"]
[Board "126"]

1. e4 e6 2. d4 d5 3. Nc3 Nf6 4. e5 Nfd7 5. f4 c5 6. Nf3 Nc6 7. Be3 a6 8. dxc5 Bxc5 9. Bxc5 Nxc5 10. Nd4 Qb6 11. Nxc6 bxc6 12. Rb1 a5 13. Bd3 Ba6 14. Bxa6 Qxa6 15. Qe2 Qb6 16. Qf2 O-O 17. O-O Rab8 18. Kh1 f5 19. exf6 Rxf6 20. Qd4 Qb4 21. Qe5 Rbf8 22. g3 Rf5 23. Qd6 R5f6 24. a3 Qb6 25. b4 Nb7 26. Qe5 Nd8 27. bxa5 Qxa5 28. Rb8 Rf5 29. Qd4 c5 30. Qd3 Qxa3 31. Rfb1 c4 32. Qd4 Nc6 33. Rxf8+ Rxf8 34. Qd2 Qd6 35. Nb5 Qc5 36. Nc3 d4 37. Ne2 Qd5+ 38. Kg1 d3 39. cxd3 cxd3 40. Nc3 Qd4+ 41. Kf1 Rd8 42. Rd1 e5 43. fxe5 Nxe5 44. Nb5 Qd5 45. Nc3 Qh1+ 46. Kf2 Qxh2+ 47. Ke3 Qxg3+ 48. Ke4 Ng6 49. Qa2+ Kh8 50. Nd5 Qe5+ 51. Kxd3 Qxd5+ 52. Ke2 Qxa2+ 53. Kf3 Rxd1 54. Kg3 Rd3+ 55. Kg4 Qc4+ 56. Kg5 Rd5# 0-1


[Site "https://www.chess.com"]

[Event "Titled Tuesday Blitz July 4 Late 2023"]
[White "Upper, John"]
[Black "Antonio, Jorge Carlos"]
[WhiteFideId "2606437"]
[BlackFideId "113190"]
[WhiteElo "1943"]
[BlackElo "2288"]
[Result "0-1"]
[Round "8"]
[TimeControl "180+2"]
[Date "2023.07.04"]
[WhiteClock "0:00:00"]
[BlackClock "0:00:22"]
[Board "127"]

1. d4 d5 2. Nf3 c6 3. e3 Nf6 4. Bd3 Bg4 5. h3 Bh5 6. c4 e6 7. Nc3 Bg6 8. Qc2 Nbd7 9. O-O Bd6 10. Rd1 Bxd3 11. Qxd3 O-O 12. e4 dxe4 13. Nxe4 Nxe4 14. Qxe4 Nf6 15. Qe2 Qc7 16. Bg5 Nd7 17. Rac1 Rae8 18. Ne5 Nxe5 19. dxe5 Bxe5 20. Be3 b6 21. c5 b5 22. Bd4 Bxd4 23. Rxd4 Rd8 24. Rcd1 Rd5 25. Rxd5 exd5 26. Re1 Qa5 27. a3 h6 28. Qe7 Qd2 29. Re2 Qc1+ 30. Kh2 Qc4 31. Re3 d4 32. Re4 Qd5 33. Re2 d3 34. Rd2 g6 35. f4 Rd8 36. Qe3 Qd4 37. Qxd4 Rxd4 38. Kg3 f5 39. Kf3 Rc4 40. Ke3 Rxc5 41. Rxd3 Kf7 42. Rd7+ Ke6 43. Rxa7 Rc2 0-1


[Site "https://www.chess.com"]

[Event "Titled Tuesday Blitz July 4 Late 2023"]
[White "Buchenau, Frank"]
[Black "Vargas, Mauricio"]
[WhiteFideId "4604350"]
[BlackFideId "4404572"]
[WhiteElo "2400"]
[BlackElo "1893"]
[Result "1-0"]
[Round "8"]
[TimeControl "180+2"]
[Date "2023.07.04"]
[WhiteClock "0:01:30"]
[BlackClock "0:00:49"]
[Board "128"]

1. e4 d5 2. exd5 Qxd5 3. Nc3 Qa5 4. d4 c6 5. Nf3 Nf6 6. Bc4 Bg4 7. Bd2 Qc7 8. h3 Bh5 9. d5 cxd5 10. Bxd5 Nxd5 11. Nxd5 Qd6 12. Bf4 Bxf3 13. Qxf3 Qe6+ 14. Kf1 Qa6+ 15. Kg1 e5 16. Nc7+ Ke7 17. Nxa6 Nxa6 18. Qxb7+ Nc7 19. Qxc7+ Ke6 20. Qxe5+ Kd7 21. Rd1+ Kc6 22. Qc7+ Kb5 23. Rd5+ Ka6 24. Qc6# 1-0


[Site "https://www.chess.com"]

[Event "Titled Tuesday Blitz July 4 Late 2023"]
[White "Sainz Aguirre, Ignacio"]
[Black "Biliy, Vadim"]
[WhiteFideId "5101727"]
[BlackFideId "14114127"]
[WhiteElo "1958"]
[BlackElo "2219"]
[Result "1-0"]
[Round "8"]
[TimeControl "180+2"]
[Date "2023.07.04"]
[WhiteClock "0:00:05"]
[BlackClock "0:00:00"]
[Board "129"]

1. e4 d6 2. d4 Nf6 3. Nc3 g6 4. Nf3 Bg7 5. h3 O-O 6. Be3 Nc6 7. Bc4 e5 8. dxe5 Nxe5 9. Nxe5 dxe5 10. Qxd8 Rxd8 11. Rd1 Rxd1+ 12. Kxd1 c6 13. Ke2 Kf8 14. a4 Ke8 15. Rd1 Nh5 16. f3 f5 17. g4 Nf4+ 18. Bxf4 exf4 19. gxf5 gxf5 20. exf5 Bxf5 21. Ne4 Ke7 22. c3 Bxh3 23. Ng5 Bf5 24. Rh1 Bf6 25. Ne4 Rh8 26. Rh5 Bg6 27. Rh1 h5 28. a5 h4 29. Nc5 b6 30. axb6 axb6 31. Nd3 Bg5 32. Rg1 Kf6 33. Nf2 h3 34. Rh1 Bf5 35. Bd3 Bd7 36. Ne4+ Kf5 37. Nc5+ Ke5 38. Nxd7+ Kd6 39. Nxb6 h2 40. Kf2 Bh4+ 41. Kg2 Bg3 42. Nc4+ Kc5 43. Nd2 Rd8 44. Ne4+ Kb6 45. Nxg3 fxg3 46. Kxg3 Rxd3 47. Rxh2 c5 48. Kg4 c4 49. f4 1-0


[Site "https://www.chess.com"]

[Event "Titled Tuesday Blitz July 4 Late 2023"]
[White "Graham, Nathaniel"]
[Black "Cardenas Carbajal, Nilson"]
[WhiteFideId "2007983"]
[BlackFideId "8401128"]
[WhiteElo "2063"]
[BlackElo "2111"]
[Result "1-0"]
[Round "8"]
[TimeControl "180+2"]
[Date "2023.07.04"]
[WhiteClock "0:02:55"]
[BlackClock "0:02:15"]
[Board "130"]

1. e4 e5 2. Nf3 Nc6 3. Nc3 Nf6 4. Bb5 Nd4 5. Nxd4 exd4 6. e5 dxc3 7. exf6 cxd2+ 8. Bxd2 Qxf6 9. O-O Be7 10. Bc3 Qg5 11. Re1 Qxb5 12. Qg4 O-O 13. Qxg7# 1-0


[Site "https://www.chess.com"]

[Event "Titled Tuesday Blitz July 4 Late 2023"]
[White "Winkels, Marcel"]
[Black "Alimpic, Aleksa"]
[WhiteFideId "1003887"]
[BlackFideId "974323"]
[WhiteElo "2079"]
[BlackElo "2318"]
[Result "1/2-1/2"]
[Round "8"]
[TimeControl "180+2"]
[Date "2023.07.04"]
[WhiteClock "0:00:20"]
[BlackClock "0:00:15"]
[Board "131"]

1. e4 g6 2. d4 Bg7 3. Nc3 a6 4. a4 d6 5. Be3 Nd7 6. f4 e6 7. Nf3 Ne7 8. Bd3 O-O 9. O-O d5 10. Qe1 c5 11. exd5 Nxd5 12. Nxd5 exd5 13. Ne5 Re8 14. Qg3 cxd4 15. Bxd4 Nxe5 16. Bxe5 Bxe5 17. fxe5 Be6 18. b3 b5 19. axb5 axb5 20. Rxa8 Qxa8 21. Bxb5 Rc8 22. Bd3 Qa7+ 23. Qf2 Qc7 24. Qd4 Ra8 25. h3 Ra2 26. Ra1 Rxa1+ 27. Qxa1 Qc5+ 28. Kh2 Qe3 29. Qa8+ Kg7 30. Qb8 Qf4+ 31. Kg1 d4 32. Qd6 Qe3+ 33. Kh2 Qf4+ 34. Kg1 Qe3+ 35. Kf1 Qc1+ 36. Kf2 Qe3+ 37. Kf1 Qc1+ 38. Kf2 Qe3+ 39. Kf1 1/2-1/2


[Site "https://www.chess.com"]

[Event "Titled Tuesday Blitz July 4 Late 2023"]
[White "Alexikov, Alexander"]
[Black "Porat, Tori"]
[WhiteFideId "14103958"]
[BlackFideId "30982626"]
[WhiteElo "2258"]
[BlackElo "1998"]
[Result "1-0"]
[Round "8"]
[TimeControl "180+2"]
[Date "2023.07.04"]
[WhiteClock "0:00:46"]
[BlackClock "0:00:06"]
[Board "132"]

1. e4 c5 2. Nf3 Nc6 3. d4 cxd4 4. Nxd4 e5 5. Nb5 d6 6. N1c3 a6 7. Na3 b5 8. Nd5 Nf6 9. Bg5 Be7 10. Bxf6 Bxf6 11. c4 b4 12. Nc2 a5 13. Be2 Bg5 14. Bf3 O-O 15. O-O Ba6 16. b3 Rb8 17. Qe2 Ne7 18. Nxe7+ Qxe7 19. Rad1 Kh8 20. Rd5 Qc7 21. Rfd1 Rfd8 22. g3 a4 23. h4 Bf6 24. Ne3 axb3 25. axb3 Bb7 26. Rb5 Bc6 27. Nd5 Bxd5 28. Rbxd5 Be7 29. R1d3 Rb6 30. Qd2 Ra8 31. c5 dxc5 32. Rd7 Qc8 33. Rxe7 h6 34. Kg2 Rg6 35. Rxf7 Qe8 36. Rfd7 Qe6 37. R7d6 Qf7 38. Rd8+ Rxd8 39. Rxd8+ Kh7 40. Bh5 Rxg3+ 41. fxg3 Qxh5 42. Qd1 Qg6 43. Qf3 Qa6 44. Qf5+ 1-0


[Site "https://www.chess.com"]

[Event "Titled Tuesday Blitz July 4 Late 2023"]
[White "Tqebuchava, Zurab"]
[Black "Oliveira, Tiago Batista"]
[WhiteFideId "13601113"]
[BlackFideId "2108291"]
[WhiteElo "2065"]
[BlackElo "2148"]
[Result "0-1"]
[Round "8"]
[TimeControl "180+2"]
[Date "2023.07.04"]
[WhiteClock "0:00:06"]
[BlackClock "0:01:05"]
[Board "133"]

1. e4 e5 2. Nf3 Nc6 3. Bb5 a6 4. Ba4 Nf6 5. O-O Nxe4 6. Re1 Nc5 7. Bxc6 dxc6 8. Nxe5 Be6 9. d4 Nd7 10. Nxd7 Qxd7 11. Bf4 O-O-O 12. c3 Be7 13. Nd2 g5 14. Be5 f6 15. Bg3 f5 16. Qe2 f4 17. Qxe6 Qxe6 18. Rxe6 Kd7 19. Rae1 Rde8 20. Bxf4 gxf4 21. Nf3 Bd6 22. Rxe8 Rxe8 23. Rxe8 Kxe8 24. Kf1 Kf7 25. Ke2 Kg6 26. Kd3 Kf5 27. Nd2 c5 28. Ne4 c4+ 29. Kxc4 Kxe4 30. b4 b5+ 31. Kb3 Kd3 32. f3 h5 33. d5 Be5 34. a4 Bxc3 35. axb5 axb5 36. g3 fxg3 37. hxg3 Be1 38. g4 h4 39. g5 h3 40. g6 Bc3 41. d6 cxd6 42. g7 Bxg7 0-1


[Site "https://www.chess.com"]

[Event "Titled Tuesday Blitz July 4 Late 2023"]
[White "Burke, Paul"]
[Black "Torres Dominguez, David"]
[WhiteFideId "2605767"]
[BlackFideId "2220857"]
[WhiteElo "1935"]
[BlackElo "2136"]
[Result "0-1"]
[Round "8"]
[TimeControl "180+2"]
[Date "2023.07.04"]
[WhiteClock "0:00:43"]
[BlackClock "0:01:54"]
[Board "134"]

1. e4 e5 2. Nf3 d6 3. d4 exd4 4. c3 Nf6 5. cxd4 d5 6. e5 Ne4 7. Be2 Be7 8. O-O Nc6 9. Nc3 O-O 10. h3 Bf5 11. Bf4 h6 12. Rc1 Bh7 13. a3 Nxc3 14. bxc3 Qd7 15. c4 Bxa3 16. cxd5 Qxd5 17. Rb1 Bxb1 18. Qxb1 Nxd4 19. Nxd4 Qxd4 20. Be3 Qxe5 21. Qxb7 Bc5 22. Bxc5 Qxc5 23. Bf3 Rab8 24. Qe4 Rfe8 25. Qg4 Rb2 26. Qd7 Qb5 27. Qxc7 Qxf1+ 28. Kxf1 Rb1+ 0-1


[Site "https://www.chess.com"]

[Event "Titled Tuesday Blitz July 4 Late 2023"]
[White "Tsukerman, Julia"]
[Black "Gyulamiryan-koryun"]
[WhiteFideId "2621649"]
[WhiteElo "2089"]
[BlackElo "1720"]
[Result "1-0"]
[Round "8"]
[TimeControl "180+2"]
[Date "2023.07.04"]
[WhiteClock "0:00:07"]
[BlackClock "0:00:00"]
[Board "135"]

1. e4 e5 2. Nf3 Nc6 3. Bb5 a6 4. Ba4 Nf6 5. d3 b5 6. Bb3 d6 7. c3 Be6 8. Bc2 h6 9. O-O g5 10. d4 exd4 11. cxd4 d5 12. e5 Nd7 13. Be3 Ne7 14. Nbd2 Nf5 15. Nb3 c5 16. Bxf5 Bxf5 17. dxc5 Be4 18. c6 Nb6 19. Rc1 Nc4 20. Bd4 Qc7 21. e6 fxe6 22. Bxh8 Qxc6 23. Nbd4 Qd6 24. b3 Bxf3 25. Nxf3 Nb6 26. Be5 Qe7 27. Qd4 Nd7 28. Bg3 Bg7 29. Qe3 Nf6 30. Rc7 Qf8 31. Qxe6+ Kd8 32. Rc6 Nd7 33. Bc7+ Kc8 34. Ba5+ Kb7 35. Qxd7+ 1-0


[Site "https://www.chess.com"]

[Event "Titled Tuesday Blitz July 4 Late 2023"]
[White "Lutz, Igor Oscar"]
[Black "Broca Jimenez, Fernando"]
[WhiteFideId "2110806"]
[BlackFideId "5104742"]
[WhiteElo "1975"]
[BlackElo "2226"]
[Result "1-0"]
[Round "8"]
[TimeControl "180+2"]
[Date "2023.07.04"]
[WhiteClock "0:00:10"]
[BlackClock "0:00:01"]
[Board "136"]

1. d4 f5 2. c4 Nf6 3. Nf3 e6 4. g3 c6 5. Bg2 d5 6. O-O Be7 7. b3 O-O 8. Ba3 Nbd7 9. Qc2 Ne4 10. Bxe7 Qxe7 11. c5 e5 12. e3 f4 13. exf4 exf4 14. Nbd2 fxg3 15. fxg3 Ndf6 16. Ne5 Nxd2 17. Qxd2 Bd7 18. Rae1 Qd8 19. Qg5 Qc8 20. Rf4 Bh3 21. Bxh3 Qxh3 22. Rh4 Qe6 23. Rf1 Ne4 24. Qh5 Rxf1+ 25. Kxf1 Rf8+ 26. Kg1 Qf5 27. Qxf5 Rxf5 28. Rf4 Rxf4 29. gxf4 Nc3 30. a3 Ne2+ 31. Kg2 Nxd4 32. Nd7 Nxb3 33. Kf3 Kf7 34. Ke3 Ke6 35. Nf8+ Kf5 36. Nd7 Ke6 37. Nf8+ Ke7 38. Nxh7 Nxc5 39. Ng5 Ne6 40. Nf3 Kf6 41. Nh4 g6 42. Nf3 d4+ 43. Ke4 c5 44. h3 c4 45. Nd2 c3 46. Nb3 Ke7 47. Kd3 Kd6 48. Kc2 Kd5 49. Nc1 Kc4 50. Nd3 Nc5 51. Ne5+ Kd5 52. Nxg6 Kc4 53. Ne5+ Kd5 54. Nd3 Ke4 55. Nxc5+ Ke3 56. Nd3 Ke2 57. f5 Ke3 58. f6 Ke2 59. f7 Ke3 60. f8=Q 1-0


[Site "https://www.chess.com"]

[Event "Titled Tuesday Blitz July 4 Late 2023"]
[White "Carlsen, Magnus"]
[Black "Mamedov, Rauf"]
[WhiteFideId "1503014"]
[BlackFideId "13401653"]
[WhiteElo "3271"]
[BlackElo "3064"]
[Result "1-0"]
[Round "9"]
[TimeControl "180+2"]
[Date "2023.07.04"]
[WhiteClock "0:00:13"]
[BlackClock "0:00:02"]
[Board "1"]

1. e4 c5 2. Nf3 d6 3. Bb5+ Bd7 4. a4 Nf6 5. d3 g6 6. O-O Bg7 7. e5 dxe5 8. Nxe5 O-O 9. Nxd7 Nbxd7 10. a5 a6 11. Bxd7 Qxd7 12. Nd2 Nd5 13. Nc4 e6 14. Re1 h6 15. Bd2 Kh7 16. Qf3 Qc6 17. Ra3 Rad8 18. Rb3 Rd7 19. h4 Ne7 20. Qxc6 Nxc6 21. c3 Rxd3 22. Rxb7 Nxa5 23. Nxa5 Rxd2 24. Nc4 Rd5 25. Ra1 Bf6 26. g3 g5 27. h5 g4 28. Rxa6 Kg8 29. Ne3 Rxh5 30. Nxg4 Bg7 31. Ne3 Rg5 32. Kg2 h5 33. f4 Rg6 34. Kf3 Rd8 35. Raa7 Rf6 36. Rd7 Rb8 37. Nc4 h4 38. Ra1 hxg3 39. Rg1 Bh6 40. Rxg3+ Kf8 41. Rg4 Ra8 42. Rd1 Ra4 43. b3 Ra2 44. Ne5 Rf5 45. Rd8+ Ke7 46. Nc6+ Kf6 47. Rh8 Rh5 48. Ne5 Rh3+ 49. Rg3 Rxg3+ 50. Kxg3 Bg7 51. Rc8 Rb2 52. Rc7 Kf5 53. Rxf7+ Bf6 54. Nd7 Rxb3 55. Rxf6+ Ke4 56. Nxc5+ 1-0


[Site "https://www.chess.com"]

[Event "Titled Tuesday Blitz July 4 Late 2023"]
[White "Martinez Alcantara, Jose Eduardo"]
[Black "Caruana, Fabiano"]
[WhiteFideId "3805662"]
[BlackFideId "2020009"]
[WhiteElo "3034"]
[BlackElo "3120"]
[Result "1/2-1/2"]
[Round "9"]
[TimeControl "180+2"]
[Date "2023.07.04"]
[WhiteClock "0:00:03"]
[BlackClock "0:00:05"]
[Board "2"]

1. e4 e5 2. Nf3 Nc6 3. Bb5 a6 4. Ba4 Nf6 5. d3 b5 6. Bb3 Bc5 7. c3 d6 8. Bg5 h6 9. Bh4 g5 10. Bg3 O-O 11. Nbd2 Bb6 12. Qe2 Kg7 13. Nf1 Ne7 14. Ne3 Ng6 15. h4 Nf4 16. Qd2 g4 17. Nh2 a5 18. Bxf4 exf4 19. Nd5 Nxd5 20. Bxd5 Ra7 21. d4 c5 22. O-O-O cxd4 23. cxd4 Qxh4 24. f3 Qg5 25. Nxg4 Bxg4 26. fxg4 a4 27. Kb1 a3 28. Rdf1 axb2 29. Rxf4 Rc7 30. Rh5 Qg6 31. Rff5 Rfc8 32. Kxb2 f6 33. Rh3 Rc2+ 34. Qxc2 Bxd4+ 35. Kb1 Rxc2 36. Kxc2 Qxg4 37. Rff3 Qxg2+ 38. Kd3 Be5 39. Ke3 Qc2 40. Rh5 Kg6 41. Rfh3 Qc1+ 42. Kf3 Qf4+ 43. Ke2 Qg4+ 44. Kd3 Bf4 45. Rh1 Qf3+ 46. Kc2 Qe2+ 47. Kb3 Qd3+ 48. Kb2 Be5+ 49. Kc1 Qc3+ 50. Kd1 Qf3+ 51. Kc2 Qe2+ 52. Kc1 Qe3+ 53. Kc2 Qc3+ 54. Kd1 Kg7 55. R5h3 Qd4+ 56. Ke2 Qb2+ 57. Kf3 Qd2 58. Rg1+ Kf8 59. Rg8+ Ke7 60. Rg7+ Kd8 61. Rg8+ Kc7 62. Kg4 Kb6 63. Kf5 Qf2+ 64. Ke6 Qc5 65. Rb8+ Ka5 66. Rb3 Ka6 67. a4 b4 68. R8xb4 Qc8+ 69. Ke7 Qc7+ 70. Ke6 Qc8+ 71. Ke7 Qc7+ 72. Kf8 Qd8+ 73. Kf7 Qd7+ 74. Kf8 Qd8+ 75. Kg7 f5+ 76. Kf7 Qd7+ 77. Kf8 Qd8+ 78. Kf7 Qd7+ 79. Kf8 Qd8+ 80. Kf7 1/2-1/2


[Site "https://www.chess.com"]

[Event "Titled Tuesday Blitz July 4 Late 2023"]
[White "Bluebaum, Matthias"]
[Black "Andreikin, Dmitry"]
[WhiteFideId "24651516"]
[BlackFideId "4158814"]
[WhiteElo "3044"]
[BlackElo "2986"]
[Result "1/2-1/2"]
[Round "9"]
[TimeControl "180+2"]
[Date "2023.07.04"]
[WhiteClock "0:01:48"]
[BlackClock "0:01:43"]
[Board "3"]

1. d4 d5 2. c4 e6 3. Nc3 a6 4. cxd5 exd5 5. Bf4 Nf6 6. e3 Bd6 7. Bxd6 Qxd6 8. Bd3 O-O 9. Nge2 Bg4 10. f3 Bh5 11. Qd2 Re8 12. O-O Bg6 13. Nf4 Nc6 14. a3 Re7 15. Rfe1 Rae8 16. Re2 Nd8 17. Rae1 Ne6 18. Nxe6 Rxe6 19. Bxg6 hxg6 20. Qd3 c6 21. b4 Nh5 22. Qd2 Qe7 23. e4 dxe4 24. Rxe4 Qd6 25. Rxe6 Rxe6 26. Rxe6 Qxe6 27. d5 cxd5 28. Nxd5 Nf6 1/2-1/2


[Site "https://www.chess.com"]

[Event "Titled Tuesday Blitz July 4 Late 2023"]
[White "Nakamura, Hikaru"]
[Black "Indjic, Aleksandar"]
[WhiteFideId "2016192"]
[BlackFideId "911925"]
[WhiteElo "3176"]
[BlackElo "2974"]
[Result "1-0"]
[Round "9"]
[TimeControl "180+2"]
[Date "2023.07.04"]
[WhiteClock "0:00:17"]
[BlackClock "0:00:00"]
[Board "4"]

1. h3 a5 2. e4 e6 3. d4 d5 4. exd5 exd5 5. Bd3 Bd6 6. Qf3 Qf6 7. Qxd5 Nc6 8. c3 Qe7+ 9. Qe4 Be6 10. Nf3 Nf6 11. Qe2 O-O-O 12. Ng5 Bd5 13. Qxe7 Nxe7 14. f3 Bg3+ 15. Kd1 Nh5 16. Ne4 Bf4 17. Re1 f5 18. Nc5 Bxc1 19. Kxc1 Rde8 20. Na3 Nf4 21. Bf1 b6 22. Nd3 Neg6 23. Kd2 Nxd3 24. Bxd3 Nh4 25. Rxe8+ Rxe8 26. Bf1 f4 27. Nc2 g5 28. b3 h5 29. Re1 Rxe1 30. Nxe1 Kd7 31. c4 Bf7 32. Bd3 Be6 33. Be4 c5 34. Kc3 Kd6 35. a3 Bf7 36. b4 axb4+ 37. axb4 Be6 38. dxc5+ bxc5 39. b5 Kc7 40. Bd5 Bd7 41. Bf7 g4 42. fxg4 hxg4 43. hxg4 Bxg4 44. Bd5 Kb6 45. Nd3 f3 46. g3 Nf5 47. Nf2 Ne3 48. Nxg4 Nxg4 49. Bxf3 Ne5 50. Be2 Kc7 51. Kd2 Kd6 52. Ke3 Nd7 53. Kf4 Ke7 54. Kf5 Nb6 55. g4 Kf7 56. g5 Nc8 57. Ke5 Nb6 58. Bd3 Ke7 59. g6 1-0


[Site "https://www.chess.com"]

[Event "Titled Tuesday Blitz July 4 Late 2023"]
[White "Nihal Sarin"]
[Black "Kollars, Dmitrij"]
[WhiteFideId "25092340"]
[BlackFideId "12909572"]
[WhiteElo "3124"]
[BlackElo "2972"]
[Result "0-1"]
[Round "9"]
[TimeControl "180+2"]
[Date "2023.07.04"]
[WhiteClock "0:00:11"]
[BlackClock "0:00:45"]
[Board "5"]

1. e4 e5 2. Nf3 Nc6 3. Bc4 Nf6 4. d3 Bc5 5. O-O d6 6. c3 a5 7. Re1 O-O 8. h3 h6 9. Nbd2 Be6 10. Bb5 Nd7 11. Nf1 d5 12. exd5 Bxd5 13. Ne3 Bxe3 14. Bxe3 f5 15. c4 Bf7 16. Bd2 Bh5 17. Bxc6 bxc6 18. Qe2 e4 19. dxe4 Ne5 20. Bc3 Nxf3+ 21. gxf3 Qg5+ 22. Kf1 fxe4 23. Qe3 Qh4 24. Qxe4 Qxh3+ 25. Kg1 Rf5 26. Qe6+ Kh7 27. Re5 Raf8 28. Qd7 Bxf3 0-1


[Site "https://www.chess.com"]

[Event "Titled Tuesday Blitz July 4 Late 2023"]
[White "Bortnyk, Olexandr"]
[Black "Xiong, Jeffery"]
[WhiteFideId "14120828"]
[BlackFideId "2047640"]
[WhiteElo "3034"]
[BlackElo "2958"]
[Result "1-0"]
[Round "9"]
[TimeControl "180+2"]
[Date "2023.07.04"]
[WhiteClock "0:00:04"]
[BlackClock "0:00:03"]
[Board "6"]

1. e4 c5 2. Be2 Nc6 3. f4 d5 4. d3 Nd4 5. Nf3 Nxe2 6. Qxe2 g6 7. c4 dxe4 8. dxe4 Bg7 9. Be3 b6 10. O-O Bb7 11. Nbd2 Nf6 12. Rad1 Qc7 13. e5 Ng4 14. Ng5 Nxe3 15. Qxe3 h6 16. Nge4 O-O-O 17. Nc3 Qc6 18. Nf3 Qe6 19. b3 f6 20. Rfe1 g5 21. Nd5 Bxd5 22. cxd5 Rxd5 23. f5 Qc6 24. Qe4 Rhd8 25. e6 Kc7 26. Rxd5 Qxd5 27. g4 h5 28. h3 Qd6 29. Kf2 h4 30. Ke3 Qg3 31. Qa4 a5 32. Qb5 Kb7 33. Qf1 Qf4+ 34. Kf2 c4 35. Qxc4 Qg3+ 36. Ke3 Qxh3 37. Rc1 Qg3 38. Qc6+ Ka6 39. Qc4+ Kb7 40. Qc6+ Ka6 41. Qc7 Qxc7 42. Rxc7 Bf8 43. a4 b5 44. Rc6+ Kb7 45. axb5 Rd5 46. Nd4 h3 47. Rc2 Kb6 48. Rc6+ Kb7 49. Rc2 Kb6 50. Nf3 Rxb5 51. Rc8 Rxb3+ 52. Kf2 a4 53. Rxf8 Kc5 54. Ra8 a3 55. Ra7 Kd5 56. Rxe7 Rc3 57. Ra7 Ke4 58. Ra4+ Kd3 59. e7 Rc8 60. Rxa3+ Ke4 61. Re3+ Kf4 62. e8=Q Rxe8 63. Rxe8 h2 64. Rh8 1-0


[Site "https://www.chess.com"]

[Event "Titled Tuesday Blitz July 4 Late 2023"]
[White "Ibrahimli, Murad"]
[Black "Sargsyan, Shant"]
[WhiteFideId "13410229"]
[BlackFideId "13306766"]
[WhiteElo "2937"]
[BlackElo "3004"]
[Result "1-0"]
[Round "9"]
[TimeControl "180+2"]
[Date "2023.07.04"]
[WhiteClock "0:00:32"]
[BlackClock "0:00:00"]
[Board "7"]

1. d4 g6 2. Nf3 Nf6 3. c4 Bg7 4. Nc3 O-O 5. e4 d6 6. Be2 Na6 7. O-O e5 8. Be3 Qe7 9. c5 exd4 10. cxd6 cxd6 11. Bxd4 Nc5 12. Re1 Ne6 13. Bxf6 Qxf6 14. Qxd6 Rd8 15. Qa3 Nf4 16. e5 Qb6 17. Bc4 h6 18. Qb3 Qxb3 19. axb3 Bg4 20. Re3 a6 21. h3 Bf5 22. Nh4 Bd7 23. Nd5 Nxd5 24. Bxd5 Bc6 25. Bxc6 bxc6 26. Nf3 a5 27. Rc3 Rdc8 28. Rc5 Rcb8 29. Rcxa5 Rxa5 30. Rxa5 Rxb3 31. Rc5 Rb6 32. Rc2 Bf8 33. g3 c5 34. Kg2 Rb5 35. Nd2 h5 36. Nc4 Kg7 37. f4 Rb4 38. Kf3 Be7 39. Ke4 Rb3 40. Rc3 Rb8 41. b3 Rd8 42. Rd3 Rb8 43. Ne3 Rb4+ 44. Nc4 Rb8 45. g4 hxg4 46. hxg4 Bh4 47. f5 Kh6 48. Nd6 Rb4+ 49. Kd5 Rxg4 50. f6 g5 51. Nxf7+ Kg6 52. Ke6 c4 53. Rd8 Re4 54. Rh8 1-0


[Site "https://www.chess.com"]